 Dungeon Crawl Stone Soup version 0.32-a0-898-g7811c86cf0 (webtiles) character file.

Game seed: 8475265776239970152

8057 Autsider the Geomancer (level 11, -2/67 HPs)
             Began as a Gargoyle Earth Elementalist on Apr 4, 2024.
             Was an Initiate of Gozag.
             Slain by a boulder beetle (17 damage)
             ... on level 1 of the Lair of Beasts.
             The game lasted 00:33:34 (11985 turns).

Autsider the Geomancer (GrEE)                      Turns: 11985, Time: 00:33:34

Health: -2/67      AC: 22    Str: 15    XL:     11   Next: 24%
Magic:  2/20       EV: 10    Int: 20    God:    Gozag
Gold:   271        SH:  0    Dex: 10    Spells: 9/22 levels left

rFire   . . .        u - +6 hand axe of the Priest {flame, rPois Str+3}
rCold   . . .        (no shield)
rNeg    + . .        F - +0 swamp dragon scales
rPois   ∞            h - +1 helmet
rElec   +            (no cloak)
rCorr   .            l - +0 pair of gloves
SInv    .            O - +0 pair of boots {Fly}
Will    .....        (no amulet)
Stlth   +            (no ring)
HPRegen 0.31/turn    (no ring)
MPRegen 0.17/turn

%: no passive effects
@: flying
A: sickness immunity, AC +8, negative energy resistance 1, electricity
resistance, torment resistance 1, petrification resistance
a: Renounce Religion, Potion Petition, Call Merchant, Bribe Branch


You were on level 1 of the Lair of Beasts.
You worshipped Gozag.
Gozag was aware of your devotion.
You visited 3 branches of the dungeon, and saw 11 of its levels.

You collected 1012 gold pieces.
You spent 649 gold pieces at shops.
You paid 92 gold pieces to Gozag.

Inventory:

Hand Weapons
 q - a +3 dagger of venom
 u - the +6 hand axe of the Priest (weapon) {flame, rPois Str+3}
   (You found it on level 5 of the Dungeon)

   Str+3:     It affects your strength (+3).
   rPois:     It protects you from poison.
 y - a +2 whip of electrocution
Missiles
 n - 24 poisoned darts (quivered)
 t - a throwing net
Armour
 h - a +1 helmet (worn)
 l - a +0 pair of gloves (worn)
 D - a +8 chain mail of ponderousness
 F - +0 swamp dragon scales (worn)
 N - the +0 plate armour of Neofol {SInv}
   (You took it off an orc warrior on level 9 of the Dungeon)

   SInv:      It lets you see invisible.
 O - a +0 pair of boots of flying (worn)
Jewellery
 J - a ring of willpower
 M - an amulet of regeneration
Wands
 b - a wand of charming (6)
 j - a wand of flame (14)
 B - a wand of quicksilver (6)
 L - a wand of roots (3)
Scrolls
 a - a scroll of poison
 d - a scroll of vulnerability
 e - 5 scrolls of immolation
 g - 2 scrolls of teleportation {@r2}
 p - 2 scrolls of fog
 r - a scroll of fear
 v - 2 scrolls of amnesia
Potions
 f - 4 potions of lignification
 i - 2 potions of invisibility
 k - a potion of cancellation
 m - 2 potions of mutation {unknown}
 o - 2 potions of curing {@q1}
 s - 2 potions of might {unknown}
 w - 5 potions of degeneration
 x - a potion of attraction {unknown}
 z - 2 potions of heal wounds {unknown}
 A - 3 potions of brilliance
 E - a potion of ambrosia {unknown}
 G - 2 potions of resistance {unknown}


   Skills:
 + Level 7.3 Fighting
 + Level 7.3 Armour
 - Level 4.0 Dodging
 - Level 2.1 Stealth
 - Level 6.0 Spellcasting
 + Level 7.3 Conjurations
 + Level 0.0 Necromancy
 + Level 10.9 Earth Magic
 - Level 4.0 Alchemy


You had 9 spell levels left.
You knew the following spells:

 Your Spells              Type           Power      Damage    Failure   Level
a - Sandblast             Erth           98%        2d20      1%          1
b - Stone Arrow           Conj/Erth      84%        3d12      1%          3
c - Petrify               Alch/Erth      35%        N/A       9%          4
d - Borgnjor's Vile Clut  Necr/Erth      13%        N/A       50%         5

Your spell library contained the following spells:

 Spells                   Type           Power      Damage    Failure   Level
 Passwall                 Erth           49%        N/A       1%          3
 Brom's Barrelling Bould  Conj/Erth      42%        2d6       4%          4
 Hailstorm                Conj/Ice       20%        3d7       12%         3
 Freeze                   Ice            24%        1d4       19%         1
 Call Imp                 Summ           12%        N/A       28%         2
 Lesser Beckoning         Tloc           12%        N/A       28%         2
 Frozen Ramparts          Ice            12%        1d2       50%         3
 Maxwell's Portable Pile  Tloc           6%         2d(5-15)  50%         3
 Teleport Other           Tloc           6%         N/A       50%         3
 Tukima's Dance           Hex            6%         N/A       50%         3
 Alistair's Intoxication  Alch           14%        N/A       69%         5
 Passage of Golubria      Tloc           6%         N/A       88%         4
 Yara's Violent Unravell  Hex/Alch       7%         3d5       92%         5
 Eringya's Noxious Bog    Alch           11%        4d6       99%         6
 Summon Hydra             Summ           3%         N/A       100%        7
 Sublimation of Blood     Necr           Unusable   N/A       N/A         2

Dungeon Overview and Level Annotations

Branches:
Dungeon (9/15)             Temple (1/1) D:7            Lair (1/5) D:8
    Orc (0/2) D:9

Altars:
Ashenzari
Cheibriados
Dithmenos
Elyvilon
Fedhas
Gozag
Hepliaklqana
Kikubaaqudgha
Makhleb
Nemelex Xobeh
Okawaru
Qazlal
Ru
Sif Muna
Trog
Uskayaw
Vehumet
Wu Jian
Xom
Yredelemnul
Zin
The Shining One
Beogh

Shops:
D:1 *:   D:4 *

Annotations:
D:6 exclusion: downstairs


Innate Abilities, Weirdness & Mutations

You are immune to sickness and miasma.
Your stone body is resilient. (AC +8)
You are immune to poison.
You resist negative energy. (rN+)
You are resistant to electric shocks. (rElec)
You are resistant to unholy torment.
You are immune to petrification.


Message History

Confirm with . or Enter, or press ? or * to list all spells.
Aiming: Sandblast (safe; 1% risk of failure)
Press: ? - help, Shift-Dir - straight line, f/p - boulder beetle
Aim: a boulder beetle (heavily wounded, 100% to hit)
The blast of sand hits the boulder beetle but does no damage.
The boulder beetle is heavily wounded.
The boulder beetle bites you.
* * * LOW HITPOINT WARNING * * *
Casting: Sandblast (safe; 1% risk of failure)
Confirm with . or Enter, or press ? or * to list all spells.
You don't have enough magic to cast this spell.
The boulder beetle attacks as it pursues you!
The boulder beetle bites you.
* * * LOW HITPOINT WARNING * * *
Your magical contamination has completely faded away.
You hit the boulder beetle but do no damage.
The boulder beetle is heavily wounded.
The boulder beetle barely misses you.
You hit the boulder beetle. You burn the boulder beetle.
The boulder beetle is heavily wounded.
The boulder beetle bites you but does no damage.
The boulder beetle misses you.
You hit the boulder beetle but do no damage.
The boulder beetle is heavily wounded.
The boulder beetle bites you but does no damage.
You hit the boulder beetle but do no damage.
The boulder beetle is heavily wounded.
The boulder beetle bites you.
* * * LOW HITPOINT WARNING * * *
You hit the boulder beetle but do no damage.
The boulder beetle is heavily wounded.
The boulder beetle bites you.
* * * LOW HITPOINT WARNING * * *
The boulder beetle bites you!
* * * LOW HITPOINT WARNING * * *
You hit the boulder beetle but do no damage.
The boulder beetle is heavily wounded.
The boulder beetle bites you!
You die...
Your body crumbles into a pile of gold.

.# ###.....B....#**,,,,,,,,
.#########............#,,,,,,,,,,
...#......#..###.......,,*,,,,,,,
.............# *,.#...****,,,,,,,
............#####...#** *,,,,,,,
............#......#* ******,,
.................########## **,
...............B############ **
...........##.##@###########
..........>P..###......#####
.......................#####
.......................#####
...........#...........#####
.......##.####........######
###..#.#### ##......<#######
###### ###.############
################


You could see a boulder beetle.

Vanquished Creatures
  The ghost of Picsou the Fighter, a novice MiFi (D:9)
  A two-headed ogre (D:9)
  Pikel (D:9)
  Joseph (D:8)
  Maggie (D:8)
  2 hornets (D:9)
  7 yaks (D:8)
  3 steam dragons (D:8)
  5 water moccasins
  3 orc warriors (D:9)
  An ice beast (D:5)
  A sky beast (D:7)
  A black bear (D:8)
  An ogre (D:5)
  3 centaurs
  A lemure (D:9)
  2 kobold brigands
  5 bullfrogs
  2 gnoll sergeants (D:7)
  4 scorpions
  5 wights (D:8)
  9 killer bees (D:9)
  2 howler monkeys (D:9)
  A jelly (D:7)
  5 hounds
  5 orc priests
  A sleepcap (D:8)
  4 iguanas
  Jessica (D:3)
  Ijyb (D:3)
  7 orc wizards
  20 gnolls
  11 adders
  A white imp (D:8)
  4 dart slugs
  A ribbon worm (D:5)
  37 orcs
  11 endoplasms
  6 goblins
  5 hobgoblins
  6 jackals
  18 kobolds
  2 quokkas
  9 ball pythons
  2 bats (D:1)
  3 frilled lizards
  2 rats (D:3)
225 creatures vanquished.

Notes
Turn   | Place    | Note
-------+----------+-------------------------------------------
     0 | D:1      | Autsider the Gargoyle Earth Elementalist began the quest
                  | for the Orb.
     0 | D:1      | Reached XP level 1. HP: 10/10 MP: 3/3
    92 | D:1      | Reached XP level 2. HP: 15/15 MP: 0/5
    96 | D:1      | Reached skill level 4 in Earth Magic
   491 | D:1      | Found Sich's General Store.
   566 | D:1      | Reached XP level 3. HP: 19/19 MP: 2/6
   629 | D:1      | Found Luow's Book Emporium.
  1402 | D:2      | Found a shimmering blue altar of Sif Muna.
  1773 | D:3      | Reached XP level 4. HP: 24/24 MP: 4/7
  1834 | D:2      | Reached skill level 5 in Earth Magic
  1914 | D:3      | Reached XP level 5. HP: 21/28 MP: 0/9
  2033 | D:3      | You fall into a shaft and drop 3 floors!
  2089 | D:5      | Entered Level 5 of the Dungeon
  2190 | D:4      | Reached skill level 6 in Earth Magic
  2281 | D:4      | Reached XP level 6. HP: 32/32 MP: 6/10
  2346 | D:4      | Found Grriur's Goods Gallery.
  2364 | D:4      | Bought a +0 pair of gloves for 45 gold pieces
  2458 | D:3      | Noticed Ijyb
  2474 | D:3      | Killed Ijyb
  2772 | D:3      | Learned a level 3 spell: Stone Arrow
  3047 | D:3      | Noticed Jessica
  3049 | D:3      | Killed Jessica
  3355 | D:1      | Bought a potion of curing for 42 gold pieces
  3668 | D:4      | Reached skill level 1 in Fighting
  3961 | D:4      | Reached XP level 7. HP: 38/38 MP: 9/12
  4295 | D:5      | Reached skill level 7 in Earth Magic
  4342 | D:5      | Identified the +6 hand axe of the Priest {flame, rPois
                  | Str+3}
  4710 | D:5      | Reached skill level 8 in Earth Magic
  5067 | D:5      | Reached XP level 8. HP: 44/48 MP: 7/14
  5428 | D:5      | Reached skill level 5 in Fighting
  5665 | D:6      | Learned a level 4 spell: Petrify
  5716 | D:6      | Found an ornate altar of the Wu Jian Council.
  5922 | D:6      | Reached skill level 1 in Armour
  6354 | D:7      | Reached skill level 1 in Alchemy
  6703 | D:7      | Found a staircase to the Ecumenical Temple.
  6937 | Temple   | Entered the Ecumenical Temple
  6951 | Temple   | Became a worshipper of Gozag Ym Sagoz the Greedy
  7128 | D:7      | Reached XP level 9. HP: 55/55 MP: 10/15
  7645 | D:8      | Noticed Joseph
  7829 | D:8      | Found a staircase to the Lair.
  7833 | D:8      | Noticed Maggie
  7840 | D:8      | Killed Maggie
  8070 | D:8      | Reached skill level 5 in Armour
  8116 | D:8      | Killed Joseph
  8372 | D:8      | Reached XP level 10. HP: 44/60 MP: 3/16
  8442 | D:8      | Reached skill level 5 in Conjurations
  8596 | D:8      | Reached skill level 5 in Spellcasting
  8708 | D:8      | Reached skill level 9 in Earth Magic
  9303 | D:9      | Noticed a two-headed ogre
  9315 | D:9      | Killed a two-headed ogre
  9316 | D:9      | Reached skill level 10 in Earth Magic
  9964 | D:9      | Reached XP level 11. HP: 66/66 MP: 17/20
 10052 | D:9      | Noticed Pikel
 10058 | D:9      | Killed Pikel
 10128 | D:9      | Noticed Picsou's ghost (novice MiFi)
 10128 | D:9      | Identified the +0 plate armour of Neofol {SInv}
 10129 | D:9      | Found a runed translucent gate.
 10130 | D:9      | Found a runed translucent gate.
 10131 | D:9      | Found a runed translucent gate.
 10222 | D:9      | Found a staircase to the Orcish Mines.
 10280 | D:9      | Found a roughly hewn altar of Beogh.
 11103 | D:9      | Killed Picsou's ghost
 11609 | D:4      | Bought Great Wizards, Vol. II for 380 gold pieces
 11695 | D:1      | Bought a potion of degeneration for 14 gold pieces
 11695 | D:1      | Bought a potion of invisibility for 112 gold pieces
 11695 | D:1      | Bought a scroll of poison for 56 gold pieces
 11854 | Lair:1   | Entered Level 1 of the Lair of Beasts
 11907 | Lair:1   | Learned a level 5 spell: Borgnjor's Vile Clutch
 11957 | Lair:1   | Noticed a boulder beetle
 11985 | Lair:1   | Slain by a boulder beetle

Illustrated notes

Levels and vault maps discovered:
D:1:      heliophobic_arrival_ceremonial_halls, layout_basic, serial_shops,
          shop, nicolae_book_shop_shelving, nicolae_figureground_pulse
D:2:      layout_rooms, basic_altar, serial_co_window_serial, co_window_paths_a,
          co_window_of_opportunity_a, co_window_of_opportunity_a,
          co_window_paths_b, co_window_of_opportunity_a, co_window_corner_a,
          co_window_paths_a, co_window_paths_a, co_window_paths_a,
          co_window_unsneaky_path_e, co_window_corner_b, co_window_2corner,
          co_window_broadway_c, glass_columns_a, glass_columns_a,
          glass_columns_c, glass_columns_a, glass_columns_a
D:3:      layout_loops_cross, uniq_jessica, uniq_ijyb
D:4:      layout_loops_ring, roderic_lattice_a, nicolae_alphabet_shops,
          grunt_decor_resistance, st_stairs_4
D:5:      layout_gridville
D:6:      layout_basic, kennysheep_mini_moat
D:7:      layout_layer_cave, minmay_temple_entry_antechambers
D:8:      layout_basic, due_lair_maze_entry_diamond, uniq_joseph, uniq_maggie
D:9:      layout_basic, orc_0_dummy, biasface_ghost_orc_armoury, uniq_pikel
Temple:   mainiacjoe_temple_trianglar_array
Lair:1:   layout_cave_pods, gauntlet_entry_generic,
          portal_ice_cave_entry_pillars_1

Skill      XL: |  1  2  3  4  5  6  7  8  9 10 11 |
---------------+----------------------------------+-----
Earth Magic    | 4 5 6 8 10 | 10.9
Conjurations   | 2 3 4 6 7 |  7.3
Spellcasting   | 3 4 6 |  6.0
Fighting       | 1 4 6 7 |  7.3
Armour         | 3 6 7 |  7.3
Dodging        | 2 4 |  4.0
Alchemy        | 2 4 |  4.0
Stealth        | |  2.1

Action                     |  1- 3 |  4- 6 |  7- 9 | 10-12 || total
---------------------------+-------+-------+-------+-------++-------
  Melee: Mace              |    11 |    15 |       |       ||    26
         Dagger            |       |       |    11 |     4 ||    15
         Hand axe          |       |       |       |    56 ||    56
   Cast: Sandblast         |    37 |    88 |   198 |   129 ||   452
         Stone Arrow       |       |       |    13 |    26 ||    39
  Evoke: Wand              |       |       |       |     4 ||     4
    Use: Scroll            |     7 |       |     7 |     8 ||    22
         Potion            |       |     2 |     2 |       ||     4
 Armour: Robe              |    19 |    68 |    97 |       ||   184
         Swamp dragon scal |       |       |    25 |   187 ||   212
  Dodge: Dodged            |    17 |    27 |   108 |    72 ||   224

Table legend: (Time is in decaauts)
 A = Elapsed time spent in this place.
 B = Non-inter-level travel time spent in this place.
 C = Inter-level travel time spent in this place.
 D = Time resting spent in this place.
 E = Time spent auto-exploring this place.
 F = Levels seen in this place.
 G = Mean time per level.
                   A        B        C        D        E       F      G
               +--------+--------+--------+--------+--------+-----+--------+
         Total |  12253 |  10903 |   1350 |   1238 |   7580 |  11 | 1113.9 |
       Dungeon |  12091 |  10767 |   1324 |   1209 |   7531 |   9 | 1343.4 |
        Temple |     27 |      1 |     26 |      0 |      0 |   1 |   27.0 |
          Lair |    133 |    133 |      0 |     29 |     49 |   1 |  133.0 |
               +--------+--------+--------+--------+--------+-----+--------+

Top non-repeatable levels by time:
     D:9: 2119 daAuts
     D:8: 1720 daAuts
     D:5: 1403 daAuts
     D:1: 1256 daAuts
     D:3: 1234 daAuts
     D:4: 1186 daAuts
     D:7: 1149 daAuts
     D:6: 1035 daAuts
     D:2: 986 daAuts
  Lair:1: 133 daAuts
  Temple: 27 daAuts
